 Dungeon Crawl Stone Soup version 0.28.0 (webtiles) character file.

Game seed: 8423126513747245211

39 Akaron the Sneak (level 3, -1/25 HPs)
             Began as an Octopode Brigand on Feb 15, 2022.
             Slain by a goblin (2 damage)
             ... led by Robin
             ... on level 2 of the Dungeon.
             The game lasted 00:02:01 (1010 turns).

Akaron the Sneak (Octopode Brigand)                 Turns: 1010, Time: 00:02:03

Health: -1/25      AC:  1    Str: 10    XL:     3   Next: 47%
Magic:  3/3        EV: 13    Int: 19    God:
Gold:   87         SH:  0    Dex: 15    Spells: 2/2 levels left

rFire   . . .      SeeInvis .   j - +2 dagger (elec)
rCold   . . .      Faith    .   (no shield)
rNeg    . . .      Spirit   .   (helmet restricted)
rPois   .          Reflect  .   (no amulet)
rElec   .          Harm     .   a - +4 ring of slaying
rCorr   .          Rampage  .   l - +6 ring of intelligence
Will    .....                   (no ring)
Stlth   ++++......              (no ring)
HPRegen 0.08/turn               (no ring)
MPRegen 0.08/turn               (no ring)
                                (no ring)
                                (no ring)

@: no status effects
A: almost no armour, amphibious, 8 rings, camouflage 1, gelatinous body 1,
(nimble swimmer 1), tentacles
a: no special abilities


You were on level 2 of the Dungeon.
You visited 1 branch of the dungeon, and saw 2 of its levels.

You collected 87 gold pieces.

Inventory:

Hand Weapons
 j - a +2 dagger of electrocution (weapon)
Missiles
 b - 14 poisoned darts (quivered)
 c - 2 curare-tipped darts
Jewellery
 a - a +4 ring of slaying (left tentacle)
 l - a +6 ring of intelligence (right tentacle)
Scrolls
 e - a scroll of blinking {unknown}
 f - 3 scrolls of identify {unknown}
 h - a scroll of enchant weapon {unknown}
 k - a scroll of immolation {unknown}
Potions
 d - a potion of haste {unknown}
 g - a potion of resistance {unknown}
 i - a potion of attraction {unknown}


   Skills:
 + Level 2.4 Fighting
 + Level 2.0 Short Blades
 + Level 2.1 Throwing
 + Level 1.1 Dodging
 + Level 6.5 Stealth


You had 2 spell levels left.
You didn't know any spells.
Your spell library was empty.

Dungeon Overview and Level Annotations

Branches:
Dungeon (2/15)

Altars:

Shops:
D:1 ?

Annotations:
D:2 Robin


Innate Abilities, Weirdness & Mutations

You cannot wear most types of armour.
You are amphibious.
You can wear up to eight rings at the same time.
Your skin changes colour to match your surroundings (Stealth+).
Your rubbery body absorbs attacks. (AC +1, EV +1)
((You are camouflaged when in or above water. (Stealth+)))
You have tentacles for arms and can constrict up to eight enemies at once.


Message History

Done exploring.
You see here a +0 spear.
There is a stone staircase leading down here.
You climb downwards.
There is a stone staircase leading up here.
The helpless goblin fails to defend itself.
You perforate the goblin like a sieve!!!
Lightning courses through the goblin!
You kill the goblin!
The goblin hits you with a +0 club.
The goblin shouts!
You hit the goblin. Lightning courses through the goblin!
You kill the goblin!
Robin shouts!
The goblin shouts!
The hobgoblin shouts!
The goblin shouts! x2
You hear a shout!
Robin throws the goblin at you!
A goblin comes into view. It is wielding a +0 club.
The goblin closely misses you.
The goblin shouts!
You hear a shout!
You puncture the goblin!
You kill the goblin!
The goblin hits you with a +0 dagger. The goblin barely misses you.
You barely miss Robin. Your grab misses Robin. Your squeeze misses Robin.
The goblin closely misses you. The goblin hits you with a +0 club.
Robin closely misses you. The hobgoblin completely misses you.
You hit Robin. You grab Robin. You squeeze Robin.
Robin is heavily wounded.
You constrict Robin. The goblin hits you with a +0 dagger.
The goblin barely misses you. The goblin hits you with a +0 club.
Robin throws the goblin at you! The hobgoblin hits you.
* * * LOW HITPOINT WARNING * * *
The goblin hits you with a +0 club.
* * * LOW HITPOINT WARNING * * *
You hit the goblin.
You kill the goblin!
You constrict Robin, but do no damage. The goblin misses you.
The goblin hits you with a +0 dagger.
* * * LOW HITPOINT WARNING * * *
The goblin hits you with a +0 club.
You die...

#...# #...#.#
#...#.# .
...#.#
#.####..#.#
........#.# #
..#...ggg.#.#
.....gg@#...#
.##.#.gg<...#
#.g.#.#.#
#...#.#
.......#
#.#.....#
...##.#..# #.
.. ..# .. ..


You could see Robin, a hobgoblin and 6 goblins.

Vanquished Creatures
  2 dart slugs (D:1)
  3 endoplasms (D:1)
  A giant cockroach (D:1)
  3 hobgoblins (D:1)
  5 quokkas (D:1)
  A ball python (D:1)
  2 bats (D:1)
  4 frilled lizards (D:1)
  8 goblins
  2 kobolds (D:1)
  A rat (D:1)
32 creatures vanquished.

Notes
Turn   | Place    | Note
-------+----------+-------------------------------------------
     0 | D:1      | Akaron the Octopode Brigand began the quest for the Orb.
     0 | D:1      | Reached XP level 1. HP: 14/14 MP: 1/1
   167 | D:1      | Reached XP level 2. HP: 15/19 MP: 2/2
   321 | D:1      | Found a faded altar of an unknown god.
   330 | D:1      | Reached skill level 6 in Stealth
   393 | D:1      | Reached XP level 3. HP: 25/25 MP: 3/3
   808 | D:1      | Found Xych's Magic Scroll Emporium.
  1003 | D:2      | Noticed Robin
  1010 | D:2      | HP: 1/25 [goblin[Robin] (3)]
  1010 | D:2      | Slain by a goblin

Illustrated notes

Levels and vault maps discovered:
D:1:      amcnicky_arrival_single_pillar, layout_loops_ring,
          hellmonk_ecumenical_altar_pennies_from_heaven, serial_shops, shop,
          minmay_hexomino_p4
D:2:      layout_basic, basic_altar, uniq_robin

Skill      XL: |  1  2 |
---------------+-------+-----
Stealth        | 6 |  6.5
Fighting       | |  2.4
Short Blades   | |  2.0
Throwing       | |  2.1
Dodging        | |  1.1

Action                   || total
-------------------------++-------
Melee: Dagger            ||    44
       Constrict         ||     7
       Tentacles         ||     5
       Punch             ||     1
 Stab: Sleeping          ||    17
Armor: Skin              ||     2
Dodge: Dodged            ||    17
